 Dungeon Crawl Stone Soup version 0.24.1-14-gf8d2b509d9 (console) character file.

Game seed: 6924703533599075996, levelgen mode: deterministic

7803 Kagalorn the Cleaver (level 11, 0/94 HPs)
             Began as a Formicid Fighter on Nov 11, 2020.
             Was a High Priest of Elyvilon.
             Slain by Snorg (7 damage)
             ... on level 10 of the Dungeon.
             The game lasted 00:29:50 (10703 turns).

Kagalorn the Cleaver (Formicid Fighter)            Turns: 10703, Time: 00:29:50

Health: 0/94       AC: 19    Str: 25    XL:     11   Next: 44%
Magic:  21/21      EV:  8    Int:  7    God:    Elyvilon [*****.]
Gold:   473        SH: 12    Dex: 10    Spells: 10/10 levels left

rFire    . . .     SeeInvis +   a - +1 war axe
rCold    . . .     Gourm    .   c - +0 shield
rNeg     . . .     Faith    .   E - +3 chain mail
rPois    +         Spirit   .   (helmet unavailable)
rElec    .         Reflect  .   p - +2 cloak {rPois}
rCorr    .         Harm     .   (no gloves)
MR       +....                  (no boots)
Stlth    ..........             s - amulet of magic regeneration
HPRegen  0.25/turn              A - ring of stealth
MPRegen  0.42/turn              C - +4 ring of protection

@: divinely vigorous, drained
A: permanent stasis, dig shafts and tunnels, four strong arms, antennae 3
a: Dig, Shaft Self, Lesser Healing, Heal Other, Purification, Greater Healing,
Divine Vigour, Divine Protection, Renounce Religion


You were on level 10 of the Dungeon.
You worshipped Elyvilon.
Elyvilon was extremely pleased with you.
You were near starving.

You visited 1 branch of the dungeon, and saw 10 of its levels.

You collected 473 gold pieces.

Inventory:

Hand Weapons
 a - a +1 war axe (weapon)
 b - a +0 morningstar
 x - a +0 shortbow
Missiles
 e - 26 bolts
 g - 295 stones
 r - 91 sling bullets
 t - a throwing net
 w - 17 boomerangs
 D - a javelin (quivered)
 I - 135 arrows
Armour
 c - a +0 shield (worn)
 p - a +2 cloak of poison resistance (worn)
 E - a +3 chain mail (worn)
 H - a scarf of repulsion
Jewellery
 k - a cursed ring of positive energy
 s - an amulet of magic regeneration (around neck)
 A - a ring of stealth (left hand)
 C - a +4 ring of protection (right hand)
Wands
 J - a wand of digging (7)
Scrolls
 h - a scroll of noise {unknown}
 l - a scroll of immolation {unknown}
 u - a scroll of enchant weapon
 v - 6 scrolls of remove curse
 y - 2 scrolls of enchant armour
 z - a scroll of magic mapping {unknown}
Potions
 d - a potion of might
 j - 2 potions of agility
 m - a potion of magic
 n - 4 potions of heal wounds
 o - 11 potions of curing
 q - a potion of lignification
 F - 2 potions of invisibility {unknown}
 G - a potion of cancellation
Comestibles
 f - 12 rations


   Skills:
 - Level 5.0(4.0) Fighting
 * Level 11.5(10.4) Axes
 - Level 5.0(4.1) Armour
 + Level 10.6(9.5) Shields
 + Level 9.3(8.3) Invocations


You had 10 spell levels left.
You didn't know any spells.
Your spell library contained the following spells:

 Spells                   Type           Power        Failure   Level  Hunger
 Summon Lightning Spire   Summ/Air       #.......     100%        4    #####..
 Silence                  Hex/Air        #.........   100%        5    ######.
 Conjure Ball Lightning   Conj/Air       #.........   100%        6    #######
 Deflect Missiles         Chrm/Air       #.........   100%        6    #######
 Malign Gateway           Summ/Tloc      #.........   100%        7    #######
 Monstrous Menagerie      Summ           #.........   100%        7    #######
 Summon Greater Demon     Summ           #.........   100%        7    #######
 Summon Horrible Things   Summ           #.........   100%        8    #######
 Tornado                  Air            #.........   100%        9    #######


Dungeon Overview and Level Annotations

Branches:
Dungeon (10/15)            Temple (0/1) D:4
   Lair: D:8-11         Orc: D:9-12

Altars:
Elyvilon
Yredelemnul

Shops:
D:4 (

Annotations:
D:7 2 transporters, Voland's ghost, novice GrWz
D:10 Gastronok; Snorg


Innate Abilities, Weirdness & Mutations

You cannot be hasted, slowed, berserked, paralysed or teleported.
You can dig through walls and to a lower floor.
Your four strong arms can wield two-handed weapons with a shield.
You have a pair of large antennae on your head. (SInv)


Message History

You slash the sky beast!
You kill the sky beast!
Snorg bites you but does no damage. You block Snorg's attack. x2
Snorg closely misses you. You block Snorg's attack.
Snorg claws you but does no damage.
You slice Snorg!!
Snorg is heavily wounded.
You block Snorg's attack. x3
Unknown command.
You closely miss Snorg.
Snorg is heavily wounded.
Snorg bites you but does no damage. Snorg claws you but does no damage. x2
You block Snorg's attack. Snorg claws you.
* * * LOW HITPOINT WARNING * * *
You block Snorg's attack.
Unknown command.
You closely miss Snorg.
Snorg is heavily wounded.
You block Snorg's attack. Snorg claws you but does no damage. Snorg claws you!
You die...

...........................#
.......)...................#
...........................#
...........................#
...........................####
..............................#
..............................#
...............T..............#
.........((.((.[@[.>.......####
.>.............[......!.......#
..............................#
.####...#....#########....#...#
.# ########## ##...##### .#
##### .. ... ....


You could see Snorg (berserk).

Vanquished Creatures
  Harold (D:6)
  Erica (D:9)
  Nergalle (D:9)
  Pikel (D:8)
  Psyche (D:8)
  2 trolls (D:9)
  A merfolk (D:9)
  A hippogriff (D:10)
  A hungry ghost (D:9)
  Eustachio (D:6)
  2 ice beasts
  3 sky beasts
  4 orc warriors
  A necrophage (D:9)
  A black bear (D:10)
  3 ogres
  3 phantoms
  2 centaurs
  A big kobold (D:9)
  7 bullfrogs
  A wyvern skeleton (D:10)
  3 scorpions
  5 killer bees (D:9)
  4 wights (D:10)
  3 crimson imps
  A quasit (D:8)
  3 hounds
  A bullfrog skeleton (D:7)
  A centaur zombie (D:7)
  10 orc priests
  Crazy Yiuf (D:6)
  8 orc wizards
  An iguana (D:8)
  7 worker ants
  A howler monkey skeleton (D:5)
  7 adders
  4 gnolls (D:5)
  An adder zombie (D:6)
  3 worms
  4 dart slugs
  9 leopard geckos
  23 orcs
  2 ball pythons
  11 bats
  9 giant cockroaches
  6 goblins
  4 hobgoblins
  8 jackals
  6 quokkas
  9 frilled lizards
  A jackal skeleton (D:6)
  9 kobolds
  4 rats
208 creatures vanquished.

Notes
Turn   | Place    | Note
-------+----------+-------------------------------------------
     0 | D:1      | Kagalorn the Formicid Fighter began the quest for the Orb.
     0 | D:1      | Reached XP level 1. HP: 18/18 MP: 1/1
    31 | D:1      | Reached XP level 2. HP: 14/24 MP: 2/2
   354 | D:1      | Reached XP level 3. HP: 26/29 MP: 3/3
   783 | D:2      | Reached XP level 4. HP: 25/37 MP: 4/4
  1606 | D:3      | Reached XP level 5. HP: 42/42 MP: 5/5
  1751 | D:3      | Reached skill level 3 in Axes
  2109 | D:3      | Reached XP level 6. HP: 40/49 MP: 6/6
  2126 | D:3      | Found a faded altar of an unknown god.
  2217 | D:3      | Became a worshipper of Elyvilon the Healer
  2217 | D:3      | Reached * piety under Elyvilon
  2585 | D:4      | Reached skill level 5 in Shields
  2598 | D:4      | Reached skill level 1 in Invocations
  2959 | D:4      | Found Nawirgh's Weapon Emporium.
  3018 | D:4      | Reached ** piety under Elyvilon
  3299 | D:4      | Reached XP level 7. HP: 52/55 MP: 6/8
  3307 | D:4      | Reached skill level 4 in Axes
  3332 | D:4      | Found a staircase to the Ecumenical Temple.
  3539 | D:5      | Entered Level 5 of the Dungeon
  3558 | D:5      | Reached skill level 5 in Fighting
  3797 | D:5      | Found a basalt altar of Yredelemnul.
  3817 | D:5      | Reached skill level 5 in Armour
  4240 | D:5      | Reached skill level 5 in Axes
  4240 | D:5      | Reached XP level 8. HP: 34/62 MP: 8/10
  4379 | D:5      | Reached *** piety under Elyvilon
  4650 | D:6      | Noticed Eustachio
  4727 | D:6      | Killed Eustachio
  4727 | D:6      | Reached skill level 6 in Axes
  5301 | D:6      | Found a runed translucent door.
  5302 | D:6      | Noticed Crazy Yiuf
  5310 | D:6      | Killed Crazy Yiuf
  5481 | D:6      | Reached XP level 9. HP: 68/68 MP: 12/12
  5733 | D:7      | Reached skill level 7 in Axes
  5733 | D:7      | Reached skill level 5 in Invocations
  5828 | D:7      | Noticed Harold
  5875 | D:6      | Killed Harold
  5875 | D:6      | Reached skill level 8 in Axes
  6765 | D:7      | Found a transporter.
  6770 | D:7      | Found a transporter.
  6771 | D:7      | Noticed Voland's ghost (novice GrWz)
  6787 | D:7      | Reached **** piety under Elyvilon
  6886 | D:7      | Reached XP level 10. HP: 74/74 MP: 14/14
  7539 | D:8      | Reached skill level 9 in Axes
  7554 | D:8      | Noticed Pikel
  7663 | D:8      | Killed Pikel
  7882 | D:8      | Noticed Psyche
  7905 | D:8      | Killed Psyche
  8002 | D:8      | Reached ***** piety under Elyvilon
  8332 | D:9      | Reached skill level 10 in Axes
  9112 | D:10     | Entered Level 10 of the Dungeon
  9112 | D:10     | Noticed Snorg
  9112 | D:10     | Noticed Nergalle
  9488 | D:10     | Reached XP level 11. HP: 36/79 MP: 17/17
  9785 | D:10     | Reached skill level 10 in Shields
  9936 | D:10     | Noticed Gastronok
 10187 | D:9      | Reached skill level 11 in Axes
 10388 | D:10     | Noticed Erica
 10419 | D:9      | Killed Erica
 10542 | D:9      | Killed Nergalle
 10703 | D:10     | Slain by Snorg

Levels and vault maps discovered:
D:1:      dpeg_arrival_prison, layout_basic
D:2:      layout_rooms
D:3:      minmay_door_path, layout_basic, chequers_ecumenical_altar_simple,
          guppyfry_early_lair_pool
D:4:      layout_basic, minmay_temple_entry_purple_smoke, serial_shops,
          nicolae_shop_statue_plus, first_ration
D:5:      layout_loops_ring, yredelemnul_altar_generic
D:6:      layout_loops_ring, uniq_crazy_yiuf_cottage, uniq_eustachio
D:7:      layout_cave_pools, gammafunk_ghost_hive, uniq_harold
D:8:      layout_loops_cross, uniq_pikel, uniq_psyche
D:9:      layout_irregular_city, hangedman_fish_farm
D:10:     layout_cross, serial_bayou_crossing, uniq_snorg, uniq_nergalle,
          uniq_erica, uniq_gastronok

Skill      XL: |  1  2  3  4  5  6  7  8  9 10 11 |
---------------+----------------------------------+-----
Shields        | 4 5 6 8 9 10 | 10.6
Fighting       | 4 5 |  5.0
Armour         | 4 5 |  5.0
Axes           | 3 5 6 8 10 11 | 11.5
Invocations    | 1 2 4 6 8 9 |  9.3

Action                   |  1- 3 |  4- 6 |  7- 9 | 10-12 || total
-------------------------+-------+-------+-------+-------++-------
Melee: War axe           |    82 |   273 |   327 |   392 ||  1074
Throw: Javelin           |       |       |     5 |    14 ||    19
Invok: Greater Healing   |       |       |       |     2 ||     2
       Divine Vigour     |       |       |       |     1 ||     1
Evoke: Wand              |       |       |     2 |     3 ||     5
  Use: Scroll            |       |       |     8 |     4 ||    12
       Potion            |       |       |     2 |     1 ||     3
  Eat: Chunk             |       |     7 |     8 |     2 ||    17
       Ration            |       |       |     2 |     3 ||     5
Armor: Scale mail        |    47 |   112 |     4 |       ||   163
       Chain mail        |       |       |    71 |   127 ||   198
       Plate armour      |       |       |    68 |   104 ||   172
       Skin              |       |       |       |     8 ||     8
Dodge: Dodged            |    20 |    77 |    74 |   108 ||   279
Block: Shield            |    46 |   164 |   136 |   312 ||   658
